 Dungeon Crawl Stone Soup version 0.29-a0-22-gbf593b16ee (webtiles) character file.

Game seed: 11642684575706389503

54 bande the Covered (level 3, 0/24 HPs)
             Began as a Gargoyle Fighter on Jan 30, 2022.
             Slain by Terence (3 damage)
             ... on level 2 of the Dungeon.
             The game lasted 00:03:08 (993 turns).

bande the Covered (Gargoyle Fighter)                 Turns: 993, Time: 00:03:09

Health: 0/24       AC: 11    Str: 19    XL:     3   Next: 91%
Magic:  3/3        EV:  9    Int:  8    God:
Gold:   76         SH:  4    Dex: 11    Spells: 2/2 levels left

rFire   . . .      SeeInvis .   a - +1 war axe (venom)
rCold   . . .      Faith    .   c - +0 buckler
rNeg    + . .      Spirit   .   b - +0 scale mail
rPois   ∞          Reflect  .   (no helmet)
rElec   +          Harm     .   (no cloak)
rCorr   .          Rampage  .   e - +0 pair of gloves
Will    .....                   (no boots)
Stlth   ..........              (no amulet)
HPRegen 0.08/turn               (no ring)
MPRegen 0.08/turn               (no ring)

@: no status effects
A: sickness immunity, AC +3, negative energy resistance 1, electricity
resistance, torment resistance 1, petrification resistance
a: no special abilities


You were on level 2 of the Dungeon.
You visited 1 branch of the dungeon, and saw 2 of its levels.

You collected 76 gold pieces.

Inventory:

Hand Weapons
 a - a +1 war axe of venom (weapon)
Armour
 b - a +0 scale mail (worn)
 c - a +0 buckler (worn)
 e - a +0 pair of gloves (worn)
Jewellery
 h - a ring of magical power
Scrolls
 i - a scroll of holy word {unknown}
Potions
 d - 2 potions of might
 f - a potion of berserk rage {unknown}
 g - a potion of invisibility {unknown}
 j - a potion of curing {unknown}


   Skills:
 + Level 3.7 Fighting
 + Level 2.5 Axes
 + Level 3.8 Armour
 + Level 3.7 Shields


You had 2 spell levels left.
You didn't know any spells.
Your spell library was empty.

Dungeon Overview and Level Annotations

Branches:
Dungeon (2/15)

Altars:

Shops:
D:2 :*

Annotations:
D:2 Terence


Innate Abilities, Weirdness & Mutations

You are immune to sickness and miasma.
Your stone body is resilient. (AC +3)
You are immune to poison.
You resist negative energy. (rN+)
You are resistant to electric shocks. (rElec)
You are resistant to unholy torment.
You are immune to petrification.


Message History

Found a leather armour.
You now have 76 gold pieces (gained 8).
There is a dry fountain here.
There is a faded altar of an unknown god here.
You see here a +0 leather armour.
Terence the Incautious comes into view.
He is wielding a +0 flail.
An endoplasm comes into view.
You barely miss Terence. Terence hits you with a +0 flail!
You barely miss Terence. Terence closely misses you.
Terence hits you but does no damage.
You barely miss Terence. You hit the endoplasm. The endoplasm freezes you.
You are frozen.
Terence hits you with a +0 flail. The endoplasm freezes you.
You are frozen.
You are too injured to fight recklessly!
You are too injured to fight recklessly!
You are too injured to fight recklessly!
You are too injured to fight recklessly!
You are too injured to fight recklessly!
You are too injured to fight recklessly!
You are too injured to fight recklessly!
You are too injured to fight recklessly!
You are too injured to fight recklessly!
Unknown command.
You barely miss Terence. You hit the endoplasm.
Terence hits you but does no damage. The endoplasm freezes you.
You are frozen.
* * * LOW HITPOINT WARNING * * *
Terence hits you but does no damage.
Unknown command.
You barely miss Terence. You hit the endoplasm.
You kill the endoplasm!
Terence closely misses you.
You barely miss Terence. You block Terence's attack.
Unknown command.
You hit Terence but do no damage.
Terence is poisoned.
Terence hits you but does no damage. Terence hits you with a +0 flail.
You die...

..######......####
................
#####..#.......###
#......⌠..###.###)
..###...#####.###.
#####._.##........
#..[..####........
#######.#####
#........
#......@...#
#........
#......@...#
#........
#..........#
#........
#..........#
##......
#............
....###..
#..........###
#######.#
#..........#
###....#
#..........#
#...#### ###.###


You could see Terence (poisoned).

Vanquished Creatures
  2 adders (D:2)
  A worm (D:2)
  3 dart slugs (D:1)
  An endoplasm (D:2)
  3 giant cockroaches
  A goblin (D:1)
  5 hobgoblins
  2 kobolds (D:1)
  3 ball pythons (D:1)
  A bat (D:2)
  4 frilled lizards (D:1)
  3 rats
29 creatures vanquished.

Notes
Turn   | Place    | Note
-------+----------+-------------------------------------------
     0 | D:1      | bande the Gargoyle Fighter began the quest for the Orb.
     0 | D:1      | Reached XP level 1. HP: 14/14 MP: 1/1
   227 | D:1      | Reached XP level 2. HP: 19/19 MP: 2/2
   476 | D:1      | Reached XP level 3. HP: 21/23 MP: 3/3
   677 | D:1      | You fall into a shaft and drop 1 floor!
   677 | D:2      | Found Cuulo's Assorted Antiques.
   795 | D:2      | Found Waduem's Book Shoppe.
   969 | D:2      | Found a faded altar of an unknown god.
   984 | D:2      | Noticed Terence
   993 | D:2      | Slain by Terence

Illustrated notes

Levels and vault maps discovered:
D:1:      grunt_arrival_lava_bath, layout_loops_ring
D:2:      layout_rooms, serial_shops, nicolae_shop_crystal, shop,
          nicolae_diamond_shop, ebering_ecumenical_altar_abandoned,
          kennysheep_path_1, columned_hall_lemuel, kennysheep_generic_room_16,
          uniq_terence

Skill      XL: |  1  2 |
---------------+-------+-----
Axes           | 2 |  2.5
Fighting       | |  3.7
Armour         | |  3.8
Shields        | |  3.7

Action                   || total
-------------------------++-------
Melee: War axe           ||    88
  Use: Scroll            ||     6
Armor: Scale mail        ||    55
Dodge: Dodged            ||    39
Block: Buckler           ||    16

Table legend: (Time is in decaauts)
 A = Elapsed time spent in this place.
 B = Non-inter-level travel time spent in this place.
 C = Inter-level travel time spent in this place.
 D = Time resting spent in this place.
 E = Time spent auto-exploring this place.
 F = Levels seen in this place.
 G = Mean time per level.
                   A        B        C        D        E       F      G
               +--------+--------+--------+--------+--------+-----+--------+
         Total |   1031 |   1031 |      0 |      0 |    781 |   2 |  515.5 |
       Dungeon |   1031 |   1031 |      0 |      0 |    781 |   2 |  515.5 |
               +--------+--------+--------+--------+--------+-----+--------+

Top non-repeatable levels by time:
     D:1: 700 daAuts
     D:2: 330 daAuts
